 Dungeon Crawl Stone Soup version 0.30-a0-715-gdb4ae3ece1 (webtiles) character file.

Game seed: 1002947399422474051

809 Darius099 the Trooper (level 7, -3/45 HPs)
             Began as a Gargoyle Fighter on Jan 23, 2023.
             Slain by a killer bee (7 damage)
             ... on level 5 of the Dungeon.
             The game lasted 00:06:08 (3212 turns).

Darius099 the Trooper (Gargoyle Fighter)            Turns: 3212, Time: 00:06:08

Health: -3/45      AC: 14    Str: 19    XL:     7   Next: 92%
Magic:  16/16      EV:  7    Int:  9    God:
Gold:   189        SH:  5    Dex: 11    Spells: 6/6 levels left

rFire   + . .      SeeInvis .    f - +1 whip (venom)
rCold   . . .      Faith    .    c - +0 buckler
rNeg    + . .      Spirit   .    m - +0 chain mail
rPois   ∞          Reflect  .    (no helmet)
rElec   +          Harm     .    (no cloak)
rCorr   .          Rampage  .    (no gloves)
Will    .....                    (no boots) Stlth
                                 (no amulet)
HPRegen 0.27/turn                b - ring of Dim Light {rF+ MP+9}
MPRegen 0.15/turn                (no ring)

@: no status effects
A: sickness immunity, AC +4, negative energy resistance 1, electricity
resistance, torment resistance 1, petrification resistance
a: no special abilities


You were on level 5 of the Dungeon.
You visited 1 branch of the dungeon, and saw 5 of its levels.

You collected 189 gold pieces.

Inventory:

Hand Weapons
 a - a +0 flail
 f - a +1 whip of venom (weapon)
Armour
 c - a +0 buckler (worn)
 m - a +0 chain mail (worn)
Jewellery
 b - the ring of Dim Light (left hand) {rF+ MP+9}
   (You found it on level 3 of the Dungeon)

   [ring of magical power]

   rF:        It protects you from fire.
   MP:        It affects your magic capacity (+9).
Wands
 o - a wand of flame (5)
Scrolls
 e - 2 scrolls of fog {unknown}
 h - a scroll of poison {unknown}
 j - a scroll of enchant armour {unknown}
Potions
 d - a potion of might
 g - 2 potions of curing
 i - a potion of berserk rage {unknown}
 k - 2 potions of haste
 l - 2 potions of brilliance
 n - a potion of mutation
 p - a potion of magic
 q - a potion of cancellation {unknown}


   Skills:
 + Level 5.7 Fighting
 + Level 4.6 Maces & Flails
 + Level 5.7 Armour
 + Level 5.7 Shields


You had 6 spell levels left.
You didn't know any spells.
Your spell library was empty.

Dungeon Overview and Level Annotations

Branches:
Dungeon (5/15)
 Temple: D:4-7

Altars:


Innate Abilities, Weirdness & Mutations

You are immune to sickness and miasma.
Your stone body is resilient. (AC +4)
You are immune to poison.
You resist negative energy. (rN+)
You are resistant to electric shocks. (rElec)
You are resistant to unholy torment.
You are immune to petrification.


Message History

You block the killer bee's attack.
You miss the killer bee.
The killer bee is moderately wounded.
The killer bee stings you but does no damage. x3
The white imp spits at you.
The white imp lashes its tail.
The dart slug launches a dart at you. The slug dart hits you.
* * * LOW HITPOINT WARNING * * *
The killer bee stings you but does no damage.
You block the killer bee's attack. The killer bee stings you.
* * * LOW HITPOINT WARNING * * *
The ufetubus hits the demonic plant.
The demonic plant begins to die.
The ufetubus hits the demonic plant.
You hit the killer bee.
The killer bee is severely wounded.
The killer bee barely misses you.
The killer bee stings you but does no damage. x2
The white imp hits the demonic plant.
The white imp freezes the demonic plant.
The ufetubus hits the demonic plant. x2
The dart slug launches a dart at you.
The slug dart hits you but does no damage.
You block the killer bee's attack.
The killer bee stings you but does no damage.
The killer bee closely misses you.
You feel better.
You kill the killer bee!
The ufetubus hits the demonic plant. x2; The killer bee stings you!
* * * LOW HITPOINT WARNING * * *
The killer bee completely misses you.
The white imp hits the demonic plant.
The white imp freezes the demonic plant.
The killer bee stings you but does no damage.
The killer bee completely misses you.
The killer bee stings the demonic plant.
The demonic plant is poisoned.
The killer bee poisons the demonic plant!
The white imp hits the demonic plant.
The white imp freezes the demonic plant.
The killer bee stings you!
You die...

... ..### ##
#.... ♣.#
#..?P §§#
#....♣P§#
#..55P5.#.###
#....wy......
#y# #@# #.#
#.# #.# #.#
#.# #.# #..


You could see 2 killer bees, 2 white imps, a dart slug and an ufetubus.

Vanquished Creatures
  Grinder (D:3)
  A black bear (D:3)
  3 killer bees
  2 jellies (D:3)
  An orc priest (D:3)
  Jessica (D:3)
  4 orc wizards
  4 gnolls (D:3)
  4 adders
  3 worms
  5 dart slugs
  13 orcs
  3 endoplasms
  2 giant cockroaches
  6 hobgoblins
  2 jackals (D:2)
  5 kobolds
  5 quokkas
  10 ball pythons
  7 bats
  4 frilled lizards
  5 goblins
  8 rats
99 creatures vanquished.

Notes
Turn   | Place    | Note
-------+----------+-------------------------------------------
     0 | D:1      | Darius099 the Gargoyle Fighter began the quest for the Orb.
     0 | D:1      | Reached XP level 1. HP: 14/14 MP: 1/1
   118 | D:1      | Reached XP level 2. HP: 19/19 MP: 2/2
   608 | D:2      | Reached XP level 3. HP: 20/23 MP: 3/3
   837 | D:2      | Reached XP level 4. HP: 29/29 MP: 4/4
  1448 | D:3      | Noticed Grinder
  1459 | D:3      | Paralysed by Grinder for 5 turns
  1482 | D:3      | Paralysed by Grinder for 2 turns
  1488 | D:3      | Killed Grinder
  1489 | D:3      | Reached XP level 5. HP: 18/34 MP: 5/5
  1489 | D:3      | Reached XP level 6. HP: 20/39 MP: 6/6
  1633 | D:3      | Identified the ring of Dim Light {rF+ MP+9}
  2109 | D:3      | Noticed Jessica
  2131 | D:3      | Killed Jessica
  2132 | D:3      | Reached skill level 5 in Armour
  2132 | D:3      | Reached skill level 5 in Shields
  2511 | D:3      | Reached skill level 5 in Fighting
  2730 | D:3      | Reached XP level 7. HP: 30/44 MP: 7/7
  3206 | D:5      | Entered Level 5 of the Dungeon
  3212 | D:5      | Slain by a killer bee

Illustrated notes

Levels and vault maps discovered:
D:1:      erik_arrival_blinker_ship, layout_rooms
D:2:      layout_loops_cross, minmay_increasing_density
D:3:      layout_loops_cross, serial_co_window_serial,
          co_window_of_opportunity_a, co_window_paths_a, co_window_paths_a,
          co_window_corner_a, co_window_paths_a, co_window_of_opportunity_a,
          co_window_paths_a, co_window_unsneaky_path_b, co_window_corner_cb,
          co_window_of_opportunity_c, co_window_of_opportunity_b,
          co_window_corner_b, co_window_broadway_a, co_window_4corner_b,
          glass_columns_a, glass_columns_b, glass_columns_a, glass_columns_b,
          glass_columns_a, grunt_ministairs_4, grunt_decor_one_mirror,
          uniq_jessica, uniq_grinder
D:4:      layout_cave_pools
D:5:      layout_loops_ring, serial_demonic, serial_demonic_a, serial_demonic_d,
          serial_demonic_c, serial_demonic_b, serial_demonic_b,
          serial_demonic_g, fountainhead, uniq_menkaure

Skill      XL: |  1  2  3  4  5  6  7 |
---------------+----------------------+-----
Shields        | 4 5 |  5.7
Armour         | 4 5 |  5.7
Fighting       | 4 5 |  5.7
Maces & Flails | 3 4 |  4.6

Action                     |  1- 3 |  4- 6 |  7- 9 || total
---------------------------+-------+-------+-------++-------
  Melee: Flail             |   100 |   198 |    35 ||   333
         Whip              |       |       |    53 ||    53
    Use: Scroll            |       |     5 |       ||     5
         Potion            |       |       |     2 ||     2
 Armour: Scale mail        |    64 |    30 |       ||    94
         Chain mail        |       |   102 |   131 ||   233
  Dodge: Dodged            |    61 |    80 |    58 ||   199
  Block: Buckler           |    27 |    35 |    46 ||   108

Table legend: (Time is in decaauts)
 A = Elapsed time spent in this place.
 B = Non-inter-level travel time spent in this place.
 C = Inter-level travel time spent in this place.
 D = Time resting spent in this place.
 E = Time spent auto-exploring this place.
 F = Levels seen in this place.
 G = Mean time per level.
                   A        B        C        D        E       F      G
               +--------+--------+--------+--------+--------+-----+--------+
         Total |   3313 |   3233 |     80 |    500 |   1746 |   5 |  662.6 |
       Dungeon |   3313 |   3233 |     80 |    500 |   1746 |   5 |  662.6 |
               +--------+--------+--------+--------+--------+-----+--------+

Top non-repeatable levels by time:
     D:3: 1820 daAuts
     D:2: 817 daAuts
     D:1: 593 daAuts
     D:4: 76 daAuts
     D:5: 5 daAuts
